General information
- name: BNet
- type: Ladder team game (AT/RT)
- host: Battle.net
- saver: Wothanas
map: Deadlands
- players: 8
- length: 33:31
- speed: Fast
- version: 1.26 W3XP
- replay type: Public
» download(243 KB)
Players
team 1 (winner)

»
e(Q_o) (
yellow | 89 APM | 2986 actions | 33:31)
5 Far Seer
2 Feral Spirit
3 Chain Lighting
4 Dark Ranger
2 Black Arrow
2 Silence
2 Pandaren Brewmaster
1 Breath of Fire
1 Drunken Haze
» actions
| Assign group hotkey | 29 | |
| Basic commands | 573 | |
| Build / train | 86 | |
| ESC pressed | 4 | |
| Enter build submenu | 39 | |
| Enter hero's abilities submenu | 11 | |
| Remove unit from queue | 5 | |
| Right click | 563 | |
| Select / deselect | 593 | |
| Select group hotkey | 900 | |
| Use ability | 183 | |
2986 total
» units
| Peon | 16 | |
| Grunt | 4 | |
| Shaman | 3 | |
| Troll Witch Doctor | 7 | |
| Tauren | 7 | |
37 total
» upgrades
| Berserker Strength | 0 | |
| Shaman Training | 2 | |
| Witch Doctor Training | 2 | |
| Pulverize | 1 | |
| Reinforced Defenses | 1 | |
| Melee Weapons | 1 | |
7 total
» buildings
| Orc Burrow | 9 | |
| Altar of Storms | 1 | |
| Barracks | 1 | |
| Voodoo Lounge | 2 | |
| Stronghold | 2 | |
| War Mill | 1 | |
| Watch Tower | 17 | |
| Great Hall | 2 | |
| Spirit Lodge | 2 | |
| Fortress | 2 | |
| Tauren Totem | 1 | |
40 total
» build order
00:10 Orc Burrow
00:17 Altar of Storms
00:56 Orc Burrow
01:25 Barracks
01:42 Voodoo Lounge
02:35 Orc Burrow
02:47 Orc Burrow
03:30 Stronghold
03:30 Stronghold
04:36 War Mill
06:02 Watch Tower
06:05 Watch Tower
06:10 Great Hall
06:30 Spirit Lodge
06:34 Spirit Lodge
07:04 Voodoo Lounge
07:18 Watch Tower
08:30 Watch Tower
08:39 Fortress
08:39 Fortress
09:57 Watch Tower
11:10 Watch Tower
11:50 Tauren Totem
12:26 Watch Tower
12:49 Orc Burrow
13:01 Watch Tower
13:39 Watch Tower
14:51 Orc Burrow
14:56 Watch Tower
15:59 Watch Tower
19:32 Orc Burrow
21:38 Orc Burrow
21:41 Orc Burrow
22:33 Watch Tower
22:34 Watch Tower
25:52 Watch Tower
25:55 Watch Tower
26:00 Watch Tower
26:03 Great Hall
27:49 Watch Tower
» items
| Healing Salve | 3 | |
| Potion of Healing | 1 | |
| Potion of Mana | 2 | |
| Lesser Clarity Potion | 1 | |
| Orb of Lightning | 1 | |
| Scroll of Town Portal | 2 | |
10 total

»
heatty456 (
purple | 53 APM | 1791 actions | 33:31)
5 Demon Hunter
2 Immolation
3 Evasion
» actions
| Build / train | 257 | |
| Enter build submenu | 47 | |
| Enter hero's abilities submenu | 5 | |
| Give item / drop item | 2 | |
| Remove unit from queue | 6 | |
| Right click | 785 | |
| Select / deselect | 594 | |
| Use ability | 95 | |
1791 total
» units
| Wisp | 78 | |
| Archer | 30 | |
| Huntress | 10 | |
| Dryad | 30 | |
| Faerie Dragon | 25 | |
| Hippogryph | 16 | |
| Chimaera | 17 | |
| Glaive Thrower | 1 | |
207 total
» upgrades
| Strength of the Moon | 1 | |
| Improved Bows | 1 | |
| Ultravision | 1 | |
| Abolish Magic | 1 | |
| Nature's Blessing | 1 | |
| Strength of the Wild | 2 | |
| Hippogryph Taming | 1 | |
| Marksmanship | 1 | |
| Well Spring | 1 | |
| Reinforced Hides | 2 | |
| Corrosive Breath | 1 | |
| Upgrade Moon Glaive | 1 | |
14 total
» buildings
| Altar of Elders | 1 | |
| Moon Well | 10 | |
| Ancient of War | 2 | |
| Ancient of Wonders | 2 | |
| Hunter's Hall | 1 | |
| Tree of Ages | 3 | |
| Tree of Life | 4 | |
| Ancient Protector | 11 | |
| Ancient of Lore | 2 | |
| Ancient of Wind | 1 | |
| Tree of Eternity | 4 | |
| Chimaera Roost | 4 | |
45 total
» build order
00:19 Altar of Elders
00:25 Moon Well
00:41 Ancient of War
01:25 Moon Well
01:51 Ancient of Wonders
02:57 Moon Well
03:25 Hunter's Hall
04:00 Moon Well
04:43 Tree of Ages
04:43 Tree of Ages
04:44 Tree of Ages
05:24 Ancient of War
06:15 Tree of Life
06:36 Ancient Protector
06:39 Ancient Protector
07:23 Ancient of Lore
07:50 Ancient of Wind
09:24 Moon Well
10:23 Moon Well
13:00 Tree of Eternity
13:01 Tree of Eternity
13:36 Tree of Life
13:53 Ancient Protector
14:00 Ancient Protector
14:13 Moon Well
14:52 Ancient Protector
14:57 Ancient Protector
15:17 Ancient of Wonders
15:28 Chimaera Roost
17:26 Moon Well
17:54 Chimaera Roost
18:24 Moon Well
18:36 Chimaera Roost
19:22 Chimaera Roost
19:31 Moon Well
20:42 Ancient Protector
21:21 Ancient Protector
21:28 Ancient Protector
21:31 Ancient Protector
21:53 Ancient Protector
25:39 Ancient of Lore
29:14 Tree of Life
30:56 Tree of Life
schaarkbait (
blue | 24 APM | 803 actions | 33:31)
4 Warden
2 Shadow Strike
2 Fan of Knives
3 Priestess of the Moon
2 Trueshot Aura
1 Searing Arrows
» actions
| Basic commands | 2 | |
| Build / train | 88 | |
| Enter build submenu | 19 | |
| Enter hero's abilities submenu | 7 | |
| Remove unit from queue | 3 | |
| Right click | 312 | |
| Select / deselect | 329 | |
| Use ability | 42 | |
803 total
» units
| Wisp | 19 | |
| Archer | 7 | |
| Faerie Dragon | 32 | |
| Huntress | 5 | |
| Hippogryph | 4 | |
67 total
» upgrades
| Strength of the Wild | 2 | |
| Reinforced Hides | 2 | |
4 total
» buildings
| Moon Well | 6 | |
| Altar of Elders | 1 | |
| Ancient of War | 1 | |
| Tree of Ages | 1 | |
| Hunter's Hall | 1 | |
| Ancient of Wonders | 1 | |
| Ancient Protector | 1 | |
| Ancient of Wind | 2 | |
| Tree of Life | 1 | |
15 total
» build order
00:30 Moon Well
00:41 Altar of Elders
00:58 Ancient of War
02:19 Moon Well
03:06 Moon Well
04:31 Tree of Ages
04:40 Hunter's Hall
04:47 Ancient of Wonders
06:05 Ancient Protector
07:10 Ancient of Wind
07:36 Ancient of Wind
08:24 Moon Well
10:56 Moon Well
13:06 Moon Well
14:45 Tree of Life
» items
| Potion of Healing | 1 | |
| Scroll of Town Portal | 1 | |
| Scroll of Speed | 1 | |
| Orb of Lightning | 1 | |
4 total
KingOfPlains (
green | 34 APM | 1022 actions | 29:45)
1 Far Seer
1 Feral Spirit
» actions
| Assign group hotkey | 5 | |
| Basic commands | 24 | |
| Build / train | 45 | |
| ESC pressed | 13 | |
| Enter build submenu | 33 | |
| Enter hero's abilities submenu | 1 | |
| Right click | 413 | |
| Select / deselect | 184 | |
| Select group hotkey | 204 | |
| Use ability | 100 | |
1022 total
» units
» buildings
| Orc Burrow | 8 | |
| War Mill | 1 | |
| Altar of Storms | 1 | |
| Great Hall | 6 | |
| Watch Tower | 68 | |
| Stronghold | 1 | |
85 total
» build order
00:31 Orc Burrow
01:01 War Mill
02:02 Orc Burrow
03:10 Orc Burrow
05:54 Orc Burrow
06:56 Altar of Storms
10:33 Great Hall
11:29 Watch Tower
11:29 Watch Tower
11:31 Watch Tower
11:32 Watch Tower
11:34 Watch Tower
11:34 Watch Tower
11:35 Watch Tower
11:35 Watch Tower
11:36 Watch Tower
11:37 Watch Tower
11:37 Watch Tower
11:39 Watch Tower
12:47 Watch Tower
12:48 Watch Tower
12:49 Watch Tower
12:50 Watch Tower
12:51 Watch Tower
12:52 Watch Tower
12:53 Watch Tower
12:54 Watch Tower
12:54 Watch Tower
12:55 Watch Tower
12:56 Watch Tower
13:21 Watch Tower
13:21 Watch Tower
13:23 Watch Tower
13:23 Watch Tower
13:24 Watch Tower
13:26 Watch Tower
13:27 Watch Tower
13:28 Watch Tower
13:28 Watch Tower
13:29 Watch Tower
15:18 Watch Tower
15:19 Watch Tower
15:20 Watch Tower
15:21 Watch Tower
15:22 Watch Tower
15:23 Watch Tower
15:23 Watch Tower
15:24 Watch Tower
16:27 Watch Tower
16:55 Watch Tower
16:56 Watch Tower
16:56 Watch Tower
16:58 Watch Tower
16:59 Watch Tower
17:00 Watch Tower
18:31 Great Hall
18:35 Watch Tower
18:38 Watch Tower
18:38 Watch Tower
18:41 Watch Tower
18:42 Watch Tower
18:43 Watch Tower
19:18 Great Hall
19:30 Watch Tower
19:32 Watch Tower
19:35 Watch Tower
19:41 Watch Tower
19:51 Watch Tower
19:56 Watch Tower
20:41 Great Hall
23:34 Stronghold
23:54 Orc Burrow
23:58 Orc Burrow
24:00 Orc Burrow
24:03 Orc Burrow
25:03 Great Hall
25:42 Watch Tower
25:44 Watch Tower
25:45 Watch Tower
25:46 Watch Tower
25:47 Watch Tower
25:48 Watch Tower
25:49 Watch Tower
25:51 Watch Tower
27:48 Great Hall
team 2 (loser)
GodsGoodBuddy (
orange | 57 APM | 1850 actions | 32:40)
8 Blademaster
3 Wind Walk
3 Critical Strike
1 Bladestorm
1 Mirror Image
» actions
| Assign group hotkey | 36 | |
| Basic commands | 23 | |
| Build / train | 90 | |
| Enter build submenu | 53 | |
| Enter hero's abilities submenu | 8 | |
| Give item / drop item | 11 | |
| Right click | 847 | |
| Select / deselect | 341 | |
| Select group hotkey | 240 | |
| Use ability | 201 | |
1850 total
» units
| Peon | 9 | |
| Grunt | 4 | |
| Goblin Shredder | 2 | |
| Troll Batrider | 18 | |
| Goblin Sapper | 4 | |
37 total
» upgrades
| Reinforced Defenses | 1 | |
| Troll Regeneration | 1 | |
| Armor | 3 | |
| Liquid Fire | 1 | |
| Ranged Weapons | 3 | |
| Envenomed Spears | 1 | |
10 total
» buildings
| Orc Burrow | 5 | |
| Altar of Storms | 2 | |
| Barracks | 1 | |
| Voodoo Lounge | 3 | |
| Stronghold | 1 | |
| War Mill | 1 | |
| Great Hall | 2 | |
| Watch Tower | 33 | |
| Fortress | 1 | |
| Beastiary | 4 | |
53 total
» build order
00:17 Orc Burrow
00:52 Altar of Storms
00:53 Barracks
01:07 Orc Burrow
01:45 Voodoo Lounge
02:50 Stronghold
03:58 War Mill
04:41 Altar of Storms
04:52 Great Hall
05:45 Orc Burrow
06:13 Orc Burrow
06:21 Watch Tower
06:22 Watch Tower
06:22 Watch Tower
06:22 Watch Tower
08:24 Watch Tower
08:26 Watch Tower
08:28 Fortress
10:21 Beastiary
10:22 Beastiary
11:44 Watch Tower
11:45 Watch Tower
11:46 Watch Tower
11:46 Watch Tower
11:49 Watch Tower
14:15 Beastiary
14:17 Beastiary
15:29 Orc Burrow
15:32 Watch Tower
15:35 Watch Tower
15:38 Watch Tower
15:41 Watch Tower
16:22 Voodoo Lounge
24:24 Watch Tower
24:26 Watch Tower
24:29 Watch Tower
24:31 Watch Tower
27:50 Watch Tower
27:50 Watch Tower
27:51 Watch Tower
27:51 Watch Tower
27:52 Watch Tower
28:40 Great Hall
28:44 Voodoo Lounge
28:46 Watch Tower
28:47 Watch Tower
28:50 Watch Tower
28:53 Watch Tower
28:55 Watch Tower
28:59 Watch Tower
29:01 Watch Tower
29:04 Watch Tower
29:04 Watch Tower
» items
| Healing Salve | 7 | |
| Boots of Speed | 1 | |
| Staff of Teleportation | 1 | |
| Potion of Healing | 7 | |
| Lesser Clarity Potion | 2 | |
| Orb of Lightning | 1 | |
| Potion of Mana | 4 | |
| Scroll of Town Portal | 7 | |
| Periapt of Vitality | 2 | |
32 total
Wothanas (
teal | 95 APM | 3177 actions | 33:31)
9 Archmage
3 Summon Water Elemental
3 Brilliance Aura
2 Blizzard
1 Mass Teleport
» actions
| Assign group hotkey | 187 | |
| Basic commands | 193 | |
| Build / train | 193 | |
| ESC pressed | 4 | |
| Enter build submenu | 70 | |
| Enter hero's abilities submenu | 9 | |
| Give item / drop item | 3 | |
| Right click | 1176 | |
| Select / deselect | 399 | |
| Select group hotkey | 706 | |
| Use ability | 237 | |
3177 total
» units
| Peasant | 27 | |
| Footman | 9 | |
| Mortar Team | 5 | |
| Sorceress | 2 | |
| Goblin Shredder | 5 | |
| Dragonhawk Rider | 2 | |
| Gryphon Rider | 3 | |
53 total
» upgrades
| Masonry | 3 | |
| Swords | 3 | |
| Armor | 3 | |
| Lumber Harvesting | 2 | |
| Gunpowder | 3 | |
| Sorceress Training | 2 | |
| Magic Sentry | 1 | |
| Fragmentation Shards | 1 | |
| Flare | 1 | |
| Animal War Training | 1 | |
| Cloud | 1 | |
| Storm Hammers | 1 | |
| Plating | 2 | |
| Barrage | 1 | |
25 total
» buildings
| Altar of Kings | 1 | |
| Barracks | 1 | |
| Farm | 15 | |
| Arcane Vault | 1 | |
| Lumber Mill | 1 | |
| Town Hall | 3 | |
| Scout Tower | 37 | |
| Keep | 6 | |
| Arcane Tower | 2 | |
| Blacksmith | 1 | |
| Guard Tower | 46 | |
| Castle | 4 | |
| Workshop | 2 | |
| Arcane Sanctum | 1 | |
| Gryphon Aviary | 2 | |
123 total
» build order
00:53 Altar of Kings
00:54 Barracks
00:56 Farm
01:07 Farm
01:23 Farm
02:02 Arcane Vault
02:06 Lumber Mill
02:17 Farm
03:39 Farm
04:37 Town Hall
04:40 Scout Tower
05:11 Keep
05:11 Keep
05:11 Keep
05:12 Keep
05:34 Arcane Tower
05:34 Arcane Tower
06:02 Farm
06:27 Scout Tower
06:27 Scout Tower
06:28 Scout Tower
06:29 Scout Tower
06:30 Scout Tower
06:31 Scout Tower
06:34 Scout Tower
06:56 Blacksmith
07:02 Guard Tower
07:02 Guard Tower
07:10 Guard Tower
08:30 Guard Tower
08:44 Castle
08:44 Castle
08:45 Castle
10:56 Workshop
10:57 Workshop
11:00 Arcane Sanctum
14:27 Scout Tower
14:28 Scout Tower
14:29 Scout Tower
14:30 Scout Tower
14:30 Scout Tower
14:34 Scout Tower
14:36 Scout Tower
14:38 Scout Tower
14:39 Scout Tower
15:19 Guard Tower
15:20 Guard Tower
15:20 Guard Tower
15:20 Guard Tower
17:39 Gryphon Aviary
17:41 Gryphon Aviary
17:51 Scout Tower
17:52 Scout Tower
18:43 Guard Tower
18:43 Guard Tower
18:59 Scout Tower
19:00 Scout Tower
19:00 Scout Tower
19:48 Guard Tower
19:49 Guard Tower
19:49 Guard Tower
19:52 Scout Tower
19:53 Scout Tower
19:54 Scout Tower
19:55 Scout Tower
19:56 Scout Tower
21:19 Guard Tower
21:19 Guard Tower
21:20 Guard Tower
21:36 Scout Tower
21:36 Scout Tower
21:38 Scout Tower
21:40 Scout Tower
21:44 Scout Tower
22:09 Guard Tower
22:09 Guard Tower
22:09 Guard Tower
22:10 Guard Tower
22:11 Guard Tower
22:11 Guard Tower
22:11 Guard Tower
22:11 Guard Tower
22:12 Guard Tower
22:15 Guard Tower
22:15 Guard Tower
22:15 Guard Tower
22:25 Farm
22:26 Farm
26:18 Farm
26:18 Farm
26:20 Farm
26:22 Farm
26:25 Farm
26:28 Farm
26:29 Farm
29:52 Town Hall
30:53 Town Hall
32:43 Scout Tower
32:45 Scout Tower
32:46 Scout Tower
32:48 Scout Tower
32:49 Scout Tower
33:18 Guard Tower
33:18 Guard Tower
» items
| Scroll of Regeneration | 7 | |
| Periapt of Vitality | 1 | |
| Potion of Lesser Invulnerability | 1 | |
| Scroll of Town Portal | 4 | |
| Tome of Retraining | 1 | |
| Potion of Invisibility | 1 | |
| Staff of Teleportation | 1 | |
| Potion of Healing | 1 | |
| Staff of Sanctuary | 2 | |
| Mechanical Critter | 2 | |
21 total
Voljin (
red | 39 APM | 1322 actions | 33:31)
5 Shadow Hunter
2 Hex
3 Healing Wave
3 Firelord
2 Incinerate
1 Summon Lava Spawn
1 Dark Ranger
1 Black Arrow
» actions
| Assign group hotkey | 27 | |
| Build / train | 68 | |
| Enter build submenu | 26 | |
| Enter hero's abilities submenu | 9 | |
| Remove unit from queue | 1 | |
| Right click | 769 | |
| Select / deselect | 257 | |
| Select group hotkey | 91 | |
| Use ability | 74 | |
1322 total
» units
| Peon | 9 | |
| Grunt | 2 | |
| Troll Headhunter/Berserker | 14 | |
| Goblin Shredder | 1 | |
| Troll Batrider | 6 | |
32 total
» upgrades
| Melee Weapons | 1 | |
| Ranged Weapons | 2 | |
| Troll Regeneration | 1 | |
| Berserker Strength | 1 | |
| Berserker Upgrade | 1 | |
| Pillage | 1 | |
| Envenomed Spears | 1 | |
| Liquid Fire | 1 | |
9 total
» buildings
| Altar of Storms | 1 | |
| Barracks | 1 | |
| Orc Burrow | 7 | |
| War Mill | 1 | |
| Voodoo Lounge | 1 | |
| Stronghold | 1 | |
| Great Hall | 2 | |
| Beastiary | 4 | |
| Fortress | 1 | |
19 total
» build order
00:10 Altar of Storms
00:14 Barracks
00:20 Orc Burrow
01:26 War Mill
02:15 Voodoo Lounge
02:54 Orc Burrow
03:55 Orc Burrow
04:58 Stronghold
05:03 Stronghold
07:00 Orc Burrow
07:28 Great Hall
08:47 Beastiary
08:53 Fortress
10:50 Beastiary
12:13 Beastiary
13:29 Beastiary
14:02 Orc Burrow
15:03 Orc Burrow
18:24 Orc Burrow
29:32 Great Hall
» items
| Healing Salve | 4 | |
| Lesser Clarity Potion | 1 | |
| Scroll of Speed | 2 | |
| Scroll of Town Portal | 1 | |
| Orb of Lightning | 1 | |
| Potion of Mana | 1 | |
| Potion of Healing | 2 | |
12 total
I_AM_TEST (
pink | 43 APM | 1451 actions | 33:31)
5 Mountain King
3 Storm Bolt
2 Bash
» actions
| Basic commands | 17 | |
| Build / train | 80 | |
| Enter build submenu | 42 | |
| Enter hero's abilities submenu | 6 | |
| Remove unit from queue | 2 | |
| Right click | 623 | |
| Select / deselect | 616 | |
| Use ability | 62 | |
1451 total
» units
| Peasant | 8 | |
| Footman | 6 | |
| Siege Engine | 19 | |
33 total
» upgrades
| Masonry | 2 | |
| Plating | 3 | |
| Lumber Harvesting | 2 | |
| Barrage | 1 | |
| Gunpowder | 1 | |
9 total
» buildings
| Altar of Kings | 1 | |
| Farm | 14 | |
| Lumber Mill | 1 | |
| Barracks | 1 | |
| Scout Tower | 13 | |
| Guard Tower | 9 | |
| Keep | 2 | |
| Blacksmith | 1 | |
| Arcane Tower | 1 | |
| Castle | 2 | |
| Workshop | 3 | |
| Cannon Tower | 6 | |
| Arcane Vault | 1 | |
| Town Hall | 1 | |
56 total
» build order
00:12 Altar of Kings
00:24 Farm
00:45 Lumber Mill
01:11 Barracks
01:16 Scout Tower
01:53 Farm
02:02 Guard Tower
02:31 Farm
02:34 Scout Tower
03:01 Guard Tower
03:13 Keep
03:13 Keep
03:21 Farm
03:56 Scout Tower
04:00 Scout Tower
04:16 Blacksmith
04:26 Guard Tower
04:29 Scout Tower
04:33 Scout Tower
04:35 Guard Tower
04:35 Guard Tower
04:59 Guard Tower
05:03 Arcane Tower
05:04 Guard Tower
05:07 Farm
05:10 Farm
05:41 Scout Tower
05:48 Farm
05:53 Scout Tower
06:16 Guard Tower
06:27 Guard Tower
06:59 Castle
08:41 Workshop
08:44 Workshop
10:52 Scout Tower
10:54 Scout Tower
11:08 Farm
11:39 Cannon Tower
11:52 Farm
12:28 Scout Tower
13:02 Scout Tower
13:06 Cannon Tower
13:07 Cannon Tower
13:07 Cannon Tower
13:29 Cannon Tower
13:32 Farm
13:45 Farm
13:58 Farm
14:37 Scout Tower
15:03 Cannon Tower
15:06 Farm
15:15 Farm
19:50 Arcane Vault
22:35 Town Hall
26:05 Workshop
» items
| Scroll of Healing | 1 | |
| Scroll of Regeneration | 1 | |
| Potion of Healing | 2 | |
| Scroll of Town Portal | 1 | |
| Orb of Fire | 1 | |
6 total
Chat log
(00:21 / Allies) Voljin: hi
(00:25 / Allies) Wothanas: Hail
(00:27 / Allies) I_AM_TEST: Hey.
(02:25 / All) GodsGoodBuddy: Sting GOAT wrestler
(03:16 / All) GodsGoodBuddy: followed closely by Hulk Hogan and Hollywood Hogan
(05:09 / Allies) GodsGoodBuddy: I built altar at first lawl
(05:49 / Allies) GodsGoodBuddy: fuck lawl
(05:51 / Allies) GodsGoodBuddy: I forgot burrow
(11:19 / Allies) Wothanas: Red, you're harvesting the wrong side of wood
(11:24 / Allies) Wothanas: You're taking my trees
(14:23 / Allies) Wothanas: They're towering everywhere
(15:10 / All) GodsGoodBuddy: bs I tped
(16:30 / All) GodsGoodBuddy: nigga ytou gayyer
(16:37 / All) GodsGoodBuddy: than Cuba Goodin Jr
(27:59 / Allies) GodsGoodBuddy: gold
(30:01 / Allies) I_AM_TEST: Dude.
(30:11 / Allies) Wothanas: I'm a better player and have contributed more
(30:13 / Allies) Wothanas: I deserve it
(30:27 / Allies) Wothanas: I'm killing you now
(30:42 / Allies) Wothanas: Good work dumbass
(30:46 / Allies) I_AM_TEST: \
(30:48 / Allies) I_AM_TEST: Lol.
(30:51 / Allies) I_AM_TEST: You're a noob.
(31:02 / Allies) Wothanas: I'm killing you
(31:12 / Allies) Wothanas: Nice guard towers
(31:13 / All) GodsGoodBuddy: whoops
(31:32 / Allies) GodsGoodBuddy: Did you take the salve red
(31:38 / Allies) I_AM_TEST: Lol, look at this guy.
(31:46 / Allies) GodsGoodBuddy: Why would you take my salve
(31:50 / Allies) I_AM_TEST: '
(32:02 / Allies) Wothanas: This is why you don't kill my expo pink
(32:11 / Allies) I_AM_TEST: Lol, because you'll kill me in game.
(32:15 / Allies) I_AM_TEST: Ohhhh nooooooo.
(32:21 / All) I_AM_TEST: Teal is team killing me.
(32:24 / All) Wothanas: He killed my expo
(32:25 / All) I_AM_TEST: Fuck him up.
(32:27 / All) Wothanas: He is a traitor
(32:33 / All) Wothanas: We hang traitors in this company
(32:40 / All) I_AM_TEST: It's alright, when Orange drops I'll fuck his shit up.
(32:41 / All) I_AM_TEST: And we'll lose.
(33:18 / All) heatty456: 30
(33:31 / All) Wothanas: Turncoat left, now I go too